 Dungeon Crawl Stone Soup version 0.32-a0-616-g9348d4545b (webtiles) character file.

Game seed: 9174392111657033339

13888 ytrimaz the Prestidigitator (level 12, 0/98 HPs)
             Began as a Coglin Fighter on Mar 5, 2024.
             Was a Believer of Makhleb.
             Slain by a large abomination (30 damage)
             ... on level 11 of the Dungeon.
             The game lasted 00:14:38 (13496 turns).

ytrimaz the Prestidigitator (Coglin Fighter)       Turns: 13496, Time: 00:14:38

Health: 0/98       AC: 20    Str: 21    XL:     12   Next: 10%
Magic:  12/12      EV:  7    Int:  7    God:    Makhleb [**....]
Gold:   776        SH:  0    Dex: 15    Spells: 11/11 levels left

rFire   . . .        a - +1 war axe (drain) {Hisae}
rCold   . . .        d - +0 war axe (flame) {Ran}
rNeg    . . .        m - +0 plate armour
rPois   .            g - +0 helmet
rElec   .            q - +1 cloak
rCorr   .            (no gloves)
SInv    .            D - +0 pair of boots
Will    .....        (amulet unavailable) Stlth
                     (ring unavailable)
HPRegen 0.36/turn    (ring unavailable)
MPRegen 0.13/turn    (no gizmo)

%: no passive effects
@: mighty, hasted, studying Evocations, revved, very quick
A: off-hand wielding, slow wielding, warmup strikes, no jewellery
a: Invent Gizmo, Renounce Religion, Minor Destruction


You were on level 11 of the Dungeon.
You worshipped Makhleb.
Makhleb was pleased with you.
You visited 2 branches of the dungeon, and saw 12 of its levels.
You also visited: Bailey.

You collected 776 gold pieces.


Innate Abilities, Weirdness & Mutations

You can wield a second weapon in your off-hand.
It takes a long time for you to wield or remove held weapons.
Your first few attacks do less damage.
You cannot equip rings or amulets.


   Skills:
 + Level 10.4 Fighting
 - Level 10.0 Axes
 + Level 11.2 Armour
 - Level 2.1 Shields
 + Level 11.9 Evocations


You had 11 spell levels left.
You didn't know any spells.
Your spell library contained the following spells:

 Spells                   Type           Power      Damage    Failure   Level
 Cigotuvi's Dreadful Rot  Necr/Alch/Air  0%         N/A       100%        2
 Ensorcelled Hibernation  Hex/Ice        0%         N/A       100%        2
 Jinxbite                 Hex            0%         N/A       100%        2
 Mercury Vapours          Alch/Air       0%         N/A       100%        2
 Dazzling Flash           Conj/Hex       0%         N/A       100%        3
 Fugue of the Fallen      Necr           0%         N/A       100%        3
 Gell's Gravitas          Tloc           0%         N/A       100%        3
 Mephitic Cloud           Conj/Alch/Air  0%         N/A       100%        3
 Teleport Other           Tloc           0%         N/A       100%        3
 Anguish                  Hex/Necr       0%         N/A       100%        4
 Curse of Agony           Necr           0%         N/A       100%        5
 Freezing Cloud           Conj/Ice/Air   0%         6-21      100%        5
 Silence                  Hex/Air        0%         N/A       100%        5
 Yara's Violent Unravell  Hex/Alch       0%         3d3       100%        5
 Dispersal                Tloc           0%         N/A       100%        6
 Enfeeble                 Hex            0%         N/A       100%        7
 Maxwell's Capacitive Co  Air            0%         ∞         100%        8
 Chain Lightning          Conj/Air       0%         N/A       100%        9

Inventory:

Hand Weapons
 a - a +1 war axe of draining (weapon) {Hisae}
 d - a +0 war axe of flaming (offhand) {Ran}
   (You took it off an orc warrior on level 8 of the Dungeon)
 p - a +2 heavy hand axe
   (You found it on level 6 of the Dungeon)
 w - a +0 broad axe
   (You took it off an orc warrior in a bailey)
 C - the +7 mace of the Warrior-Mage {speed, *Noise rElec rC+++ Stlth+}
   (You found it on level 5 of the Dungeon)

   rC+++:     It renders you almost immune to cold.
   rElec:     It insulates you from electricity.
   *Noise:    It may make a loud noise when swung.
   Stlth+:    It makes you more stealthy.
Armour
 g - a +0 helmet (worn)
   (You took it off Robin on level 2 of the Dungeon)
 m - a +0 plate armour (worn)
   (You found it on level 3 of the Dungeon)
 q - a +1 cloak (worn)
   (You found it on level 10 of the Dungeon)
 y - a scarf of invisibility
   (You found it in a bailey)
 D - a +0 pair of boots (worn)
   (You found it on level 6 of the Dungeon)
 E - +0 acid dragon scales
   (You found it on level 11 of the Dungeon)
Wands
 l - a wand of charming (13) (quivered)
   (You found it on level 3 of the Dungeon)
 I - a wand of mindburst (7)
   (You took it off a kobold brigand on level 10 of the Dungeon)
 J - a wand of flame (11)
   (You took it off a kobold on level 10 of the Dungeon)
Scrolls
 c - a scroll of enchant weapon
 e - 3 scrolls of enchant armour
 f - a scroll of revelation
 i - a scroll of poison
 k - a scroll of summoning
 o - 2 scrolls of silence
 v - a scroll of noise
 x - a scroll of identify
 z - a scroll of amnesia
 A - a scroll of teleportation
 B - a scroll of torment
 G - a scroll of fog
 K - a scroll of blinking
Potions
 b - 2 potions of brilliance
 h - 5 potions of curing
 j - 3 potions of haste
 n - 4 potions of cancellation
 r - 2 potions of might
 s - 4 potions of attraction
 t - a potion of heal wounds
 u - 2 potions of mutation
 L - 3 potions of enlightenment

Dungeon Overview and Level Annotations

Branches:
Dungeon (11/15) Zot: 26036  Temple (1/1) D:7 Zot: 5875    Lair (0/5) D:8
 Bailey (visited)
    Orc: D:9-12

Altars:
Ashenzari
Cheibriados
Dithmenos
Elyvilon
Fedhas
Gozag
Hepliaklqana
Kikubaaqudgha
Makhleb
Nemelex Xobeh
Okawaru
Qazlal
Ru
Sif Muna
Trog
Uskayaw
Vehumet
Wu Jian
Xom
Yredelemnul
Zin
The Shining One

Shops:
D:2 (   D:7 [

Portals:
Trove: D:11 (show slimy rune of Zot)

Annotations:
D:5 3 runed translucent doors, Crazy Yiuf; Schmookums's ghost, amateur TrGl
D:8 4 transporters, DeathSocks's ghost, novice MDMo

.#.............'............÷..#.
#.#..#.........########...##...#.
...##...##.....<......######...##
.............########## #.....#
###########.[.#ß...# #.....#
#...#.XXx #.....# #####xxx
##...## ##X###########...+.
#.@.....ß#.......#.
#....)...#.......#.
#........#####..##.
#####ß.......#...#..'..
#...######)#####.#..#.# #...#
#..#.....#..#.# ##### #######'##
#........####.. #...###........#
#....##### ### #.....#.....#..#
#....# #


You could see 3 large abominations and 4 small abominations.


Message History

You take 4 damage, and now have 93/97 hp.
You hit the large abomination with your +0 war axe of flaming.
You burn the large abomination.
You hit the large abomination with your +1 war axe of draining.
The large abomination closely misses you.
You barely miss the large abomination with your +1 war axe of draining.
You hit the large abomination with your +0 war axe of flaming.
You burn the large abomination.
The large abomination hits you. 😕 HP[-4]
You take 4 damage, and now have 89/97 hp.
You slash the large abomination with your +0 war axe of flaming!
You burn the large abomination.
You slash the large abomination with your +1 war axe of draining!
The large abomination hits you!
You slash the large abomination with your +0 war axe of flaming!
You burn the large abomination.
You destroy the large abomination!
Makhleb accepts your kill.
Unknown command. 😕 HP[-12]
You now have 98 max hp (+1).
You take 12 damage, and now have 77/98 hp.
You slash the small abomination with your +0 war axe of flaming!
You burn the small abomination.
You hit the small abomination with your +1 war axe of draining.
The small abomination hits you! 😮 HP[-13]
You take 13 damage, and now have 64/98 hp.
You are too injured to fight recklessly!
You closely miss the small abomination with your +0 war axe of flaming.
You slash the small abomination with your +1 war axe of draining!
The small abomination hits you but does no damage.
You are too injured to fight recklessly!
You hit the small abomination but do no damage.
You slash the small abomination with your +0 war axe of flaming!
You burn the small abomination.
You destroy the small abomination!
Makhleb accepts your kill.
Unknown command.
You closely miss the small abomination with your +1 war axe of draining.
You closely miss the small abomination with your +0 war axe of flaming.
The small abomination hits you.
The small abomination misses you. 😮 HP[-4]
You take 4 damage, and now have 60/98 hp.
You are too injured to fight recklessly!
You slash the small abomination with your +1 war axe of draining!
You hit the small abomination with your +0 war axe of flaming.
You burn the small abomination.
The small abomination hits you but does no damage.
You are too injured to fight recklessly!
You slash the small abomination with your +0 war axe of flaming!
You burn the small abomination.
You destroy the small abomination!
Makhleb accepts your kill.
You feel better. 😮 HP[+3]
You regained 3 hp, and now have 63/98 hp.
Unknown command.
You hit the large abomination with your +0 war axe of flaming.
You burn the large abomination.
You completely miss the large abomination with your +1 war axe of draining.
The large abomination hits you!
* * * LOW HITPOINT WARNING * * *
You are too injured to fight recklessly! 😨 HP[-14]
You take 14 damage, and now have 49/98 hp.
You closely miss the large abomination with your +1 war axe of draining.
You slash the large abomination with your +0 war axe of flaming!
You burn the large abomination.
The large abomination hits you but does no damage.
You are too injured to fight recklessly!
You closely miss the large abomination with your +0 war axe of flaming.
You hit the large abomination but do no damage.
The large abomination hits you!
* * * LOW HITPOINT WARNING * * *
😨 HP[-8]
You take 8 damage, and now have 41/98 hp.
Unknown command.
You slash the large abomination with your +1 war axe of draining!
You closely miss the large abomination with your +0 war axe of flaming.
The large abomination hits you.
* * * LOW HITPOINT WARNING * * *
😨 HP[-4]
You take 4 damage, and now have 37/98 hp.
You hit the large abomination but do no damage. x2
The large abomination hits you!!
* * * LOW HITPOINT WARNING * * *
😱 HP[-28]
You take 28 damage, and now have 9/98 hp.
MASSIVE DAMAGE!! (PAUSE) Unknown command.
You feel much better.
The large abomination hits you but does no damage. 😨 HP[+20]
You regained 20 hp, and now have 29/98 hp.
You feel very mighty all of a sudden.
The large abomination barely misses you. 😨 HP[+1]
You feel yourself speed up. The large abomination hits you!!
You die...

Skill      XL: |  1  2  3  4  5  6  7  8  9 10 11 |
---------------+----------------------------------+-----
Armour         | 3 4 5 6 7 8 9 11 | 11.2
Axes           | 3 4 5 6 7 9 10 | 10.0
Fighting       | 4 6 8 10 | 10.4
Evocations     | 4 11 | 11.9
Shields        | |  2.1

Action                     |  1- 3 |  4- 6 |  7- 9 | 10-12 || total
---------------------------+-------+-------+-------+-------++-------
  Melee: War axe           |    67 |    57 |   233 |   516 ||   873
         Short sword       |    50 |    86 |    83 |       ||   219
         Hand axe          |       |    45 |       |       ||    45
  Evoke: Wand              |       |       |     4 |     6 ||    10
    Use: Scroll            |     3 |     4 |     5 |    14 ||    26
         Potion            |       |       |     4 |     8 ||    12
 Armour: Scale mail        |    85 |    48 |       |       ||   133
         Plate armour      |       |    65 |   178 |   339 ||   582
         Skin              |       |       |       |     1 ||     1
  Dodge: Dodged            |    39 |    52 |    44 |    90 ||   225
  Block: Buckler           |     3 |       |       |       ||     3

Levels and vault maps discovered:
D:1:      grunt_arrival_crossed_arrows, layout_basic,
          chequers_serial_rivers_small_b, minmay_box_of_dots
D:2:      layout_basic, serial_shops, nicolae_shop_tiny_statue_garden,
          uniq_robin
D:3:      layout_basic, marbit_many_paths, due_unseen_surprise
D:4:      layout_loops_cross, minmay_fractal_squares_5
D:5:      layout_cave_pools, ebering_ghost_disaster_area,
          uniq_crazy_yiuf_cottage
D:6:      layout_cave_pools, kennysheep_opposing_triangles
D:7:      layout_layer_cave, minmay_temple_entry_sparse_star, enter_bailey_6,
          serial_shops, shop, minmay_misc_feat_tiny, bh_circular_ruins
D:8:      gammafunk_steamed_eel, layout_basic, erik_lair_orcish_takeover,
          gammafunk_ghost_arena
D:9:      layout_cave_pools
D:10:     layout_gridville, wad_mini_maze, uniq_psyche
D:11:     layout_stronghold, enter_trove_0, nicolae_twisting_strands, laboratory
Temple:   mainiacjoe_temple_starburst

Notes
Turn   | Place    | Note
-------+----------+-------------------------------------------
     0 | D:1      | ytrimaz the Coglin Fighter began the quest for the Orb.
     0 | D:1      | Reached XP level 1. HP: 18/18 MP: 1/1
     0 | D:1      | magus.rc [v1.9.6]
   120 | D:1      | Reached XP level 2. HP: 20/24 MP: 2/2
   121 | D:1      | Reached skill level 3 in Armour
   853 | D:2      | Reached XP level 3. HP: 29/29 MP: 3/3
   976 | D:2      | Noticed Robin
   980 | D:2      | Reached skill level 3 in Axes
   992 | D:2      | Killed Robin
   994 | D:2      | Reached XP level 4. HP: 27/35 MP: 4/4
   994 | D:2      | Found Bisaup's Weapon Emporium.
  1628 | D:3      | Reached skill level 4 in Armour
  1783 | D:3      | Noticed a centaur
  1796 | D:3      | Killed a centaur
  1797 | D:3      | Reached skill level 4 in Axes
  1797 | D:3      | Reached XP level 5. HP: 23/41 MP: 5/5
  2165 | D:3      | Reached XP level 6. HP: 47/47 MP: 6/6
  2221 | D:3      | Found a broken altar of Ashenzari.
  2612 | D:4      | Reached skill level 5 in Armour
  2705 | D:4      | Reached skill level 5 in Axes
  3089 | D:4      | You pick up a book of the Senses and begin reading...
  3089 | D:4      | You add the spells Dazzling Flash, Mephitic Cloud, Curse of
                  | Agony and Silence to your library.
  3100 | D:4      | Reached XP level 7. HP: 40/52 MP: 7/7
  3402 | D:5      | Entered Level 5 of the Dungeon
  3585 | D:5      | You fall into a shaft and drop 3 floors!
  3822 | D:8      | HP: 13/52 [orc priest/nerve-wracking pain (3)]
  3992 | D:8      | Found a staircase to the Lair.
  3994 | D:8      | Reached skill level 6 in Axes
  3994 | D:8      | Reached skill level 6 in Armour
  4047 | D:8      | Reached XP level 8. HP: 42/58 MP: 8/8
  4053 | D:8      | HP: 11/54 [wight/+0 scimitar (3)]
  4303 | D:8      | Reached skill level 7 in Axes
  4579 | D:8      | Noticed a cyan ugly thing
  4583 | D:8      | Noticed DeathSocks's ghost (novice MDMo)
  4583 | D:8      | Noticed a two-headed ogre
  4584 | D:8      | Found a transporter.
  4589 | D:8      | Found a transporter.
  4693 | D:7      | Reached skill level 7 in Armour
  4742 | D:7      | You pick up a book of Misfortune and begin reading...
  4742 | D:7      | You add the spells Jinxbite, Yara's Violent Unravelling and
                  | Enfeeble to your library.
  4789 | D:7      | You pick up a book of Vapours and begin reading...
  4789 | D:7      | You add the spells Mercury Vapours and Freezing Cloud to
                  | your library.
  4892 | D:7      | Reached skill level 4 in Fighting
  5035 | D:7      | Reached XP level 9. HP: 24/66 MP: 9/9
  5082 | D:7      | You pick up a book of Dreams and begin reading...
  5082 | D:7      | You add the spells Ensorcelled Hibernation, Fugue of the
                  | Fallen and Anguish to your library.
  5083 | D:7      | HP: 15/66 [something (4)]
  5097 | D:7      | Found a flagged portal.
  5107 | Bailey   | Entered a bailey
  5423 | Bailey   | Reached skill level 5 in Fighting
  5423 | Bailey   | Reached skill level 8 in Axes
  5526 | Bailey   | Found an iron altar of Okawaru.
  5526 | Bailey   | Noticed an orc sorcerer
  5528 | Bailey   | Noticed an orc sorcerer
  5530 | Bailey   | Noticed a red devil
  5535 | Bailey   | Killed an orc sorcerer
  5536 | Bailey   | Reached skill level 8 in Armour
  5539 | Bailey   | Killed an orc sorcerer
  5540 | Bailey   | Reached skill level 6 in Fighting
  5573 | Bailey   | You add the spells Cigotuvi's Dreadful Rot, Maxwell's
                  | Capacitive Coupling and Chain Lightning to your library.
  5573 | Bailey   | Got the Annotations on Evil Electrocution
  5834 | Bailey   | Reached skill level 9 in Axes
  6144 | Bailey   | Reached XP level 10. HP: 67/77 MP: 10/10
  6152 | Bailey   | Acquired a manual of Evocations
  6380 | D:7      | HP: 11/77 [ogre/+0 giant club (21)]
  6381 | D:7      | HP: 3/77 [ogre/+0 giant club (8)]
  6443 | D:6      | HP: 19/77 [scorpion (4)]
  6448 | D:6      | HP: 11/77 [poisoned by a scorpion]
  7059 | D:5      | Identified the +7 mace of the Warrior-Mage {speed, *Noise
                  | rElec rC+++ Stlth+}
  7174 | D:5      | Found a large runed translucent door.
  7174 | D:5      | Found a large runed translucent door.
  7229 | D:5      | Noticed Schmookums's ghost (amateur TrGl)
  7306 | D:5      | Found a runed translucent door.
  7307 | D:5      | Noticed Crazy Yiuf
  7350 | D:6      | Reached skill level 7 in Fighting
  8011 | D:6      | Identified the ring "Goim Yse" {*Corrode rPois rC+ rN+
                  | Dex+3}
  8278 | D:7      | Found Xuluasyste's Armour Shop.
  8289 | D:7      | Reached skill level 9 in Armour
  8499 | D:7      | Found a staircase to the Ecumenical Temple.
  8602 | Temple   | Entered the Ecumenical Temple
  8672 | Temple   | Became a worshipper of Makhleb the Destroyer
  9125 | D:8      | Found a transporter.
  9164 | D:8      | Found a transporter.
 10035 | D:9      | Reached skill level 10 in Axes
 10170 | D:9      | Reached skill level 8 in Fighting
 10277 | D:9      | Reached skill level 1 in Evocations
 10286 | D:9      | Reached skill level 2 in Evocations
 10288 | D:9      | Reached skill level 3 in Evocations
 10304 | D:9      | Reached * piety under Makhleb
 10305 | D:9      | Reached skill level 4 in Evocations
 10469 | D:9      | Identified the +0 robe "Maim" {Will+}
 10763 | D:10     | Entered Level 10 of the Dungeon
 10816 | D:10     | Reached XP level 11. HP: 87/87 MP: 11/11
 10824 | D:10     | Reached skill level 5 in Evocations
 10827 | D:10     | Reached skill level 10 in Armour
 10830 | D:10     | Reached skill level 6 in Evocations
 10906 | D:10     | You add the spells Gell's Gravitas, Teleport Other and
                  | Dispersal to your library.
 11195 | D:10     | Noticed Psyche
 11206 | D:10     | Killed Psyche
 11454 | D:10     | Reached skill level 9 in Fighting
 11454 | D:10     | Reached skill level 7 in Evocations
 11646 | D:10     | Noticed a cyclops
 11655 | D:10     | Killed a cyclops
 11656 | D:10     | HP: 26/133 [hornet (8)]
 11656 | D:10     | Paralysed by a hornet for 2 turns
 11661 | D:10     | Reached skill level 8 in Evocations
 12146 | D:10     | Noticed a cyclops
 12150 | D:10     | Killed a cyclops
 12284 | D:10     | Noticed an orc knight
 12297 | D:10     | Killed an orc knight
 12557 | D:11     | Reached skill level 9 in Evocations
 12833 | D:11     | Reached skill level 10 in Evocations
 12963 | D:11     | Found a portal to a secret trove of treasure.
 12991 | D:11     | Reached ** piety under Makhleb
 13024 | D:11     | Noticed a brown ugly thing
 13043 | D:11     | Killed a brown ugly thing
 13044 | D:11     | Reached skill level 10 in Fighting
 13249 | D:11     | Reached skill level 11 in Armour
 13249 | D:11     | Reached skill level 11 in Evocations
 13453 | D:11     | Noticed an arcanist
 13463 | D:11     | Killed an arcanist
 13464 | D:11     | Reached XP level 12. HP: 94/97 MP: 12/12
 13493 | D:11     | HP: 9/98 [large abomination (28)]
 13496 | D:11     | Slain by a large abomination

Vanquished Creatures
  A large abomination (D:11)
  An arcanist (D:11)
  An orc knight (D:10)
  An ugly thing (D:11)
  2 cyclopes (D:10)
  2 orc sorcerers (Bailey)
  A gargoyle (D:11)
  A kobold demonologist (D:11)
  A komodo dragon (D:11)
  Psyche (D:10)
  A troll (D:11)
  A hornet (D:10)
  A shadow (D:9)
  A wyvern (D:9)
  2 wraiths
  21 yaks
  A steam dragon (D:6)
  2 small abominations (D:11)
  An acid dragon (D:11)
  2 water moccasins
  12 orc warriors
  An ice beast (D:8)
  A black bear (D:5)
  2 ogres (D:7)
  A wolf (D:8)
  6 centaurs
  3 kobold brigands
  A gnoll sergeant (D:11)
  4 scorpions
  4 wights (D:8)
  11 killer bees
  2 howler monkeys
  A bombardier beetle (D:5)
  2 hounds
  5 orc priests
  4 jellies
  A gnoll bouda (D:6)
  An iguana (D:7)
  4 sleepcaps
  11 orc wizards
  2 human simulacra (D:7)
  Robin (D:2)
  8 gnolls
  9 adders
  8 white imps
  6 dart slugs
  A ribbon worm (D:4)
  36 orcs
  6 ball pythons
  5 bats
  5 endoplasms
  A giant cockroach (D:2)
  27 goblins
  12 hobgoblins
  2 jackals (D:5)
  6 quokkas
  4 frilled lizards
  13 kobolds
  5 rats
279 creatures vanquished.

Vanquished Creatures (collateral kills)
  A kobold demonologist (D:11)
  A wolf (D:8)
  A bullfrog (D:8)
3 creatures vanquished.

Vanquished Creatures (others)
  A sky beast (D:7)
1 creature vanquished.

Grand Total: 283 creatures vanquished

Table legend:
 A = Non-vault XP
 B = Vault XP
 C = Vault XP percentage of total XP
 D = Non-vault monster count
 E = Vault monster count
 F = Vault count percentage of total count
                 A         B        C        D         E       F
            +---------+---------+-------+---------+---------+-------
      Total |   12943 |    6897 |  34.8 |     207 |      75 |  26.6
            +---------+---------+-------+---------+---------+-------
        D:1 |      29 |       3 |   9.4 |      17 |       2 |  10.5
        D:2 |      42 |      37 |  46.8 |      17 |      13 |  43.3
        D:3 |     271 |      14 |   4.9 |      23 |       1 |   4.2
        D:4 |     143 |     113 |  44.1 |      16 |       4 |  20.0
        D:5 |     726 |       0 |   0.0 |      15 |       0 |   0.0
        D:6 |     450 |     128 |  22.1 |      13 |       4 |  23.5
        D:7 |     988 |      40 |   3.9 |      15 |       2 |  11.8
        D:8 |     941 |     489 |  34.2 |      19 |       8 |  29.6
        D:9 |    2287 |       0 |   0.0 |      23 |       0 |   0.0
       D:10 |    2714 |    2073 |  43.3 |      24 |       4 |  14.3
       D:11 |    4352 |    1705 |  28.1 |      25 |       4 |  13.8
     Bailey |       0 |    2295 | 100.0 |       0 |      33 | 100.0
            +---------+---------+-------+---------+---------+-------

Skill      XL: |  1  2  3  4  5  6  7  8  9 10 11 |
---------------+----------------------------------+-----
Armour         | 3 4 5 6 7 8 9 11 | 11.2
Axes           | 3 4 5 6 7 9 10 | 10.0
Fighting       | 4 6 8 10 | 10.4
Evocations     | 4 11 | 11.9
Shields        | |  2.1

Action                     |  1- 3 |  4- 6 |  7- 9 | 10-12 || total
---------------------------+-------+-------+-------+-------++-------
  Melee: War axe           |    67 |    57 |   233 |   516 ||   873
         Short sword       |    50 |    86 |    83 |       ||   219
         Hand axe          |       |    45 |       |       ||    45
  Evoke: Wand              |       |       |     4 |     6 ||    10
    Use: Scroll            |     3 |     4 |     5 |    14 ||    26
         Potion            |       |       |     4 |     8 ||    12
 Armour: Scale mail        |    85 |    48 |       |       ||   133
         Plate armour      |       |    65 |   178 |   339 ||   582
         Skin              |       |       |       |     1 ||     1
  Dodge: Dodged            |    39 |    52 |    44 |    90 ||   225
  Block: Buckler           |     3 |       |       |       ||     3

Illustrated notes

Table legend:
 A = Kills in this place as a percentage of kills in the entire game.
 B = Kills by you in this place as a percentage of kills by you in the entire game.
 C = Kills by friends in this place as a percentage of kills by friends in the entire game.
 D = Other kills in this place as a percentage of other kills in the entire game.
 E = Experience gained in this place as a percentage of experience gained in the entire game.
 F = Experience gained in this place divided by the number of levels of this place that you have seen.
                   A       B       C       D       E      F
               +-------+-------+-------+-------+-------+----------------------
         Total | 100.0 | 100.0 | 100.0 |   N/A | 100.0 | 1526.2
       Dungeon |  88.3 |  88.2 | 100.0 |   N/A |  88.4 | 1595.0
        Bailey |  11.7 |  11.8 |   0.0 |   N/A |  11.6 | 2295.0
               +-------+-------+-------+-------+-------+----------------------

Table legend: (Time is in decaauts)
 A = Elapsed time spent in this place.
 B = Non-inter-level travel time spent in this place.
 C = Inter-level travel time spent in this place.
 D = Time resting spent in this place.
 E = Time spent auto-exploring this place.
 F = Levels seen in this place.
 G = Mean time per level.
                   A        B        C        D        E       F      G
               +--------+--------+--------+--------+--------+-----+--------+
         Total |  13572 |  12960 |    612 |   1767 |   8932 |  13 | 1044.0 |
       Dungeon |  12184 |  11676 |    508 |   1207 |   8646 |  11 | 1107.6 |
        Temple |    124 |     20 |    104 |      0 |      0 |   1 |  124.0 |
        Bailey |   1263 |   1263 |      0 |    560 |    285 |   1 | 1263.0 |
               +--------+--------+--------+--------+--------+-----+--------+

Top non-repeatable levels by time:
     D:8: 1972 daAuts
    D:10: 1793 daAuts
     D:7: 1434 daAuts
  Bailey: 1263 daAuts
     D:6: 1112 daAuts
     D:3: 1011 daAuts
    D:11: 962 daAuts
     D:1: 835 daAuts
     D:4: 835 daAuts
     D:2: 767 daAuts
     D:9: 744 daAuts
     D:5: 714 daAuts
  Temple: 124 daAuts
